 Dungeon Sprint DCSS version 0.15-a0-1914-g8cb84b8 (webtiles) character file.

15591 DasRunzen the Pandemonic (level 12, -2/103 HPs)
             Began as a Demonspawn Fighter on July 7, 2014.
             Was a High Priest of Makhleb.
             Killed from afar by Ilsuiw (36 damage)
             ... with a shard of ice
             ... in the Dungeon (Sprint VII: "The Pits").
             The game lasted 00:13:49 (2339 turns).

DasRunzen the Pandemonic (Demonspawn Fighter)       Turns: 2339, Time: 00:13:49

HP  -2/103       AC 24     Str 23      XL: 12   Next:  2%
MP  29/29        EV  8     Int 11 (13) God: Makhleb [*****.]
Gold 40          SH 13     Dex 14      Spells:  0 memorised, 11 levels left

rFire  . . .     SeeInvis .     y - +4 morningstar (crush)
rCold  . . .     Clarity  .     u - +2 plate armour
rNeg   . . .     rCorr    .     c - +0 shield
rPois  .         rRot     .     (helmet restricted)
rElec  .         Spirit   .     x - +0 cloak
SustAb .         Warding  .     (no gloves)
rMut   .         NoTele   +     (no boots)
Gourm  .                        (no amulet)
MR     .....                    v - +3 ring of strength
                                b - +3 ring of intelligence

@: not resistant to hostile enchantments, extremely unstealthy
A: horns 1, iridescent scales 2, powered by pain 1, spiny 2
a: Minor Destruction, Lesser Servant of Makhleb, Major Destruction, Greater
Servant of Makhleb, Renounce Religion


You were in the Dungeon.
You worshipped Makhleb.
Makhleb was extremely pleased with you.
You were not hungry.

You visited 1 branch You collected 40 gold pieces.

Inventory:

Hand weapons
 y - a +4 morningstar of crushing (weapon)
Armour
 c - a +0 shield (worn)
 u - a +2 plate armour (worn)
 x - a +0 cloak (worn)
Comestibles
 d - 8 bread rations
 l - 40 fruits
 m - 6 meat rations
Scrolls
 k - 3 scrolls of blinking
 o - 2 scrolls of vulnerability
 p - 3 scrolls of remove curse
 q - 5 scrolls of amnesia
 r - a scroll of summoning
 B - 2 scrolls of fog
 D - a scroll of fear
 E - 2 scrolls of recharging
 H - a scroll of identify
Jewellery
 b - a +3 ring of intelligence (left hand)
 v - a +3 ring of strength (right hand)
 A - an uncursed ring of protection from fire
 I - an uncursed ring of protection from cold
Potions
 e - 7 potions of might
 f - 9 potions of curing
 g - 5 potions of heal wounds
 h - 3 potions of haste
 i - 4 potions of magic
 j - 6 potions of berserk rage
 n - 2 potions of invisibility
 t - a potion of agility
 w - a potion of cure mutation
 z - a potion of restore abilities
Miscellaneous
 F - a stone of tremors (inert)


   Skills:
 + Level 12.8 Fighting
 + Level 11.8 Maces & Flails
 + Level 12.0 Armour
 + Level 11.7 Dodging
 + Level 12.1 Shields
 + Level 15.6 Invocations


You had 11 spell levels left.
You didn't know any spells.

Dungeon Overview and Level Annotations

Branches:
Dungeon (1/1)

Altars:
Ashenzari
Cheibriados
Dithmenos
Elyvilon
Fedhas
Gozag
Kikubaaqudgha
Makhleb
Nemelex Xobeh
Okawaru
Qazlal
Sif Muna
Trog
Vehumet
Xom
Yredelemnul
Zin
The Shining One
Beogh
Jiyva
Lugonu

Annotations:
D Ilsuiw


Innate Abilities, Weirdness & Mutations

You have a pair of small horns on your head.
You are mostly covered in iridescent scales (AC +6).
You sometimes gain a little power by taking damage.
You are mostly covered in sharp spines.


Message History

Your Executioner hits Ilsuiw! Your Executioner hits Ilsuiw.
Your Executioner hits Ilsuiw but does no damage.
Your Executioner hits Ilsuiw!!
Your Executioner hits Ilsuiw but does no damage.
Your Executioner hits Ilsuiw.
The water elemental hits your Executioner!
Your Executioner dies!
Ilsuiw hits you but does no damage. The death ooze completely misses you.
The death ooze hits you! You block Ilsuiw's attack.
The death ooze jiggles.
Ilsuiw gestures wildly while chanting.
Ilsuiw blinks! 3 skeletal warriors come into view.
You block the death ooze's attack. x2
A white draconian comes into view. It is wielding a halberd.
The white draconian roars!
Ilsuiw points at you and mumbles some strange words.
The shard of ice hits you!
You die...

.##..........#
.....#....#..#
.............#
#..........#
###..#....#..#
...........4..#
........T....#
.##..#..EE#J.##..#''
#........@....z.z.
#...........+.z.d.
###.m####..## ###
###..####.'###############
#......##....))...........
#.#'##.##................(
#.#.. .##..##############+
#.... ##..# #.#.% #..#


You could see Ilsuiw, a white draconian, an iron troll, 3 skeletal warriors, a
death ooze, an iron devil and 2 water elementals.

Vanquished Creatures
  A deep elf annihilator (D)
  A hydra (D)
  A large abomination (D)
  A ghost moth zombie (D)
  Joseph (D)
  A fire drake (D)
  A freezing wraith (D)
  A fire drake (shapeshifter) (D)
  2 blink frogs (D)
  A slime creature (D)
  A tarantella (D)
  A fire bat (D)
  A wyvern (D)
  2 vampire mosquitoes (D)
  A warg (D)
  A mottled dragon (D)
  A black bear (D)
  A small abomination (D)
  A boggart (shapeshifter) (D)
  A boring beetle (D)
  A centaur (D)
  3 insubstantial wisps (D)
  3 wights (D)
  An iron imp (D)
  A gnoll (D)
  An adder (D)
  A green rat (D)
  A giant mite (D)
  An ufetubus (D)
  An adder zombie (D)
  A ball python (D)
  A bat (D)
  A goblin (D)
  4 jackals (D)
  A ball python skeleton (D)
  A giant newt (D)
  A jackal zombie (D)
  A rat (D)
  A rat skeleton (D)
48 creatures vanquished.

Vanquished Creatures (collateral kills)
  A Brimstone Fiend (D)
  A storm dragon (D)
  A deep elf sorcerer (D)
  A ghost moth (D)
  A draconian zealot (D)
  A pale draconian (D)
  A mummy priest (D)
  A slime creature (D)
  A fire dragon (D)
  A vampire mage (D)
  A hell hog (D)
  Nergalle (D)
  A soul eater (D)
  An ice devil (D)
  A wizard (D)
  A shadow wraith (D)
  A deep elf knight (D)
  2 flayed ghosts (D)
  A phantasmal warrior (D)
  An elephant (D)
  2 gargoyles (D)
  A spiny frog (D)
  A yaktaur (D)
  An elf zombie (D)
  A red devil (D)
  A demonic crawler (D)
  A hellwing (D)
  A blue devil (D)
  2 freezing wraiths (D)
  A giant leech (D)
  A troll (D)
  A blink frog (D)
  A flying skull (D)
  2 water elementals (D)
  5 vampire mosquitoes (D)
  2 deep elf fighters (D)
  A hungry ghost (D)
  A yellow wasp (D)
  A black bear (D)
  A centaur (D)
  A necrophage (D)
  2 brain worms (D)
  A big kobold (D)
  2 insubstantial wisps (D)
  A crimson imp (D)
  2 jellies (D)
  A hound (D)
  An adder (D)
  A white imp (D)
  A giant mite (D)
  2 worms (D)
  An adder simulacrum (D)
  A spectral bat (D)
  A bat skeleton (D)
  A giant newt zombie (D)
  A goblin simulacrum (D)
  A kobold zombie (D)
  A spectral ball python (D)
71 creatures vanquished.

Vanquished Creatures (others)
  An Executioner (D)
  A balrug (D)
  A cacodemon (D)
  A blizzard demon (D)
  A green death (D)
5 creatures vanquished.

Grand Total: 124 creatures vanquished

Notes
Turn   | Place    | Note
--------------------------------------------------------------
     0 | D        | DasRunzen, the Demonspawn Fighter, began the quest for the Orb.
     0 | D        | Reached XP level 1. HP: 18/18 MP: 1/1
    23 | D        | Found a basalt altar of Yredelemnul.
    23 | D        | Found a shadowy altar of Dithmenos.
    23 | D        | Found a deep blue altar of Sif Muna.
    23 | D        | Found a burning altar of Makhleb.
    23 | D        | Found a shimmering altar of Xom.
    23 | D        | Found an ancient bone altar of Kikubaaqudgha.
    23 | D        | Found a sparkling altar of Nemelex Xobeh.
    24 | D        | Found a glowing golden altar of the Shining One.
    24 | D        | Found a bloodstained altar of Trog.
    24 | D        | Found a shattered altar of Ashenzari.
    24 | D        | Found a white marble altar of Elyvilon.
    24 | D        | Found a snail-covered altar of Cheibriados.
    24 | D        | Found a blossoming altar of Fedhas.
    24 | D        | Found a radiant altar of Vehumet.
    24 | D        | Found a glowing silver altar of Zin.
    24 | D        | Found a corrupted altar of Lugonu.
    24 | D        | Found a viscous altar of Jiyva.
    24 | D        | Found a roughly hewn altar of Beogh.
    24 | D        | Found an iron altar of Okawaru.
    27 | D        | Became a worshipper of Makhleb the Destroyer
    32 | D        | Found a stormy altar of Qazlal.
    33 | D        | Found an opulent altar of Gozag.
    67 | D        | Reached skill level 1 in Dodging
    84 | D        | Gained mutation: You are partially covered in iridescent scales (AC +4). [demonic ancestry]
    84 | D        | Reached XP level 2. HP: 10/25 MP: 2/2
    86 | D        | Acquired Makhleb's first power
   310 | D        | Acquired Makhleb's second power
   318 | D        | Reached skill level 1 in Invocations
   319 | D        | Noticed a centaur
   329 | D        | Killed a centaur
   329 | D        | Reached skill level 4 in Fighting
   329 | D        | Reached XP level 3. HP: 13/32 MP: 2/5
   329 | D        | Gained mutation: You have a pair of small horns on your head. [demonic ancestry]
   329 | D        | Reached XP level 4. HP: 15/38 MP: 2/7
   331 | D        | Acquired Makhleb's third power
   491 | D        | Noticed a fire bat
   500 | D        | Killed a fire bat
   500 | D        | Reached skill level 5 in Fighting
   500 | D        | Reached skill level 5 in Armour
   500 | D        | Reached skill level 5 in Shields
   500 | D        | Reached skill level 5 in Invocations
   500 | D        | Gained mutation: You sometimes gain a little power by taking damage. [demonic ancestry]
   500 | D        | Reached XP level 5. HP: 35/46 MP: 8/10
   503 | D        | Acquired Makhleb's fourth power
   513 | D        | Acquired Makhleb's fifth power
   515 | D        | Noticed a hungry ghost
   516 | D        | Noticed a flying skull
   518 | D        | Noticed an iron imp
   543 | D        | Killed a hungry ghost
   543 | D        | Reached skill level 6 in Fighting
   543 | D        | Reached skill level 5 in Maces & Flails
   543 | D        | Reached XP level 6. HP: 29/52 MP: 11/13
   548 | D        | Killed an iron imp
   559 | D        | Noticed a big kobold
   563 | D        | Killed a big kobold
   563 | D        | Reached skill level 5 in Dodging
   700 | D        | Noticed a hell hog
   710 | D        | Killed a hell hog
   710 | D        | Reached skill level 7 in Fighting
   710 | D        | Reached skill level 8 in Invocations
   710 | D        | Gained mutation: You are partially covered in sharp spines. [demonic ancestry]
   710 | D        | Reached XP level 7. HP: 44/60 MP: 15/17
   789 | D        | Noticed a black bear
   789 | D        | Noticed a warg
   809 | D        | Killed a warg
   819 | D        | Killed a black bear
   832 | D        | Noticed a wight
   832 | D        | Noticed a wight
   832 | D        | Noticed a yellow wasp
   843 | D        | Killed a wight
   845 | D        | Killed a yellow wasp
   849 | D        | Noticed a wight
   853 | D        | Killed a wight
   853 | D        | Reached XP level 8. HP: 64/68 MP: 20/20
   855 | D        | Killed a wight
   855 | D        | Reached skill level 9 in Invocations
   964 | D        | Noticed a vampire mosquito
   964 | D        | Noticed a vampire mosquito
   964 | D        | Noticed a vampire mosquito
   964 | D        | Noticed a brain worm
   964 | D        | Noticed a vampire mosquito
   964 | D        | Noticed a vampire mosquito
   964 | D        | Noticed a vampire mosquito
   965 | D        | Noticed a vampire mosquito
   971 | D        | Killed a brain worm
   971 | D        | Killed a vampire mosquito
   973 | D        | Killed a vampire mosquito
   978 | D        | Killed a vampire mosquito
   980 | D        | Killed a vampire mosquito
   980 | D        | Killed a vampire mosquito
   981 | D        | Killed a vampire mosquito
   989 | D        | Killed a vampire mosquito
  1004 | D        | Noticed a hound
  1005 | D        | Noticed a small abomination
  1005 | D        | Noticed a gargoyle
  1005 | D        | Noticed a flying skull
  1007 | D        | Killed a flying skull
  1007 | D        | Reached skill level 10 in Invocations
  1008 | D        | Killed a hound
  1010 | D        | Killed a gargoyle
  1011 | D        | Killed a small abomination
  1012 | D        | Killed a shadow wraith
  1012 | D        | Gained mutation: You are mostly covered in iridescent scales (AC +6). [demonic ancestry]
  1012 | D        | Reached XP level 9. HP: 50/76 MP: 22/22
  1034 | D        | Noticed a crimson imp
  1034 | D        | Noticed a wyvern
  1034 | D        | Noticed a troll
  1038 | D        | Killed a crimson imp
  1039 | D        | Killed a troll
  1042 | D        | Killed a wyvern
  1042 | D        | Reached skill level 11 in Invocations
  1049 | D        | Noticed a jelly
  1052 | D        | Killed a jelly
  1058 | D        | Noticed a slime creature
  1058 | D        | Noticed a slime creature
  1058 | D        | Noticed a slime creature
  1058 | D        | Noticed a slime creature
  1066 | D        | Noticed a slime creature
  1066 | D        | Killed an enormous slime creature
  1068 | D        | Noticed a large abomination
  1068 | D        | Killed a large abomination
  1069 | D        | Killed an elephant
  1069 | D        | Reached skill level 10 in Fighting
  1070 | D        | Killed a slime creature
  1090 | D        | Noticed a giant leech
  1098 | D        | Killed a giant leech
  1098 | D        | Reached skill level 12 in Invocations
  1098 | D        | Gained mutation: You are mostly covered in sharp spines. [demonic ancestry]
  1098 | D        | Reached XP level 10. HP: 67/85 MP: 23/25
  1101 | D        | Noticed a necrophage
  1101 | D        | Noticed a gargoyle
  1102 | D        | Noticed Joseph
  1102 | D        | Noticed a jelly
  1103 | D        | Killed a jelly
  1107 | D        | Killed Joseph
  1107 | D        | Killed a necrophage
  1112 | D        | Killed a gargoyle
  1124 | D        | Noticed a fire drake
  1129 | D        | Killed a fire drake
  1151 | D        | Noticed an insubstantial wisp
  1151 | D        | Noticed an insubstantial wisp
  1151 | D        | Noticed an insubstantial wisp
  1151 | D        | Noticed an insubstantial wisp
  1151 | D        | Noticed a deep elf fighter
  1151 | D        | Noticed a freezing wraith
  1152 | D        | Noticed a blink frog
  1152 | D        | Noticed an insubstantial wisp
  1152 | D        | Noticed a spiny frog
  1153 | D        | Noticed a tarantella
  1154 | D        | Noticed a black bear
  1155 | D        | Noticed a queen bee
  1156 | D        | Killed an insubstantial wisp
  1157 | D        | Killed an insubstantial wisp
  1160 | D        | Killed a spiny frog
  1160 | D        | Reached skill level 10 in Shields
  1164 | D        | Killed a deep elf fighter
  1164 | D        | Killed a black bear
  1165 | D        | Killed an insubstantial wisp
  1167 | D        | Killed an insubstantial wisp
  1169 | D        | Killed a blink frog
  1173 | D        | Killed a freezing wraith
  1176 | D        | Killed a tarantella
  1176 | D        | Reached skill level 10 in Armour
  1177 | D        | Killed an insubstantial wisp
  1178 | D        | Noticed a boring beetle
  1192 | D        | Killed a boring beetle
  1197 | D        | Noticed a blink frog
  1197 | D        | Noticed a blink frog
  1202 | D        | Killed a blink frog
  1202 | D        | Reached skill level 13 in Invocations
  1205 | D        | Reached skill level 10 in Maces & Flails
  1218 | D        | Killed a blink frog
  1380 | D        | Noticed a mottled dragon
  1387 | D        | Killed a mottled dragon
  1398 | D        | Noticed a blue devil
  1398 | D        | Noticed Nergalle
  1398 | D        | Noticed a phantasmal warrior
  1404 | D        | Killed a phantasmal warrior
  1407 | D        | Killed Nergalle
  1407 | D        | Reached skill level 10 in Dodging
  1409 | D        | Killed a blue devil
  1418 | D        | Noticed a deep elf fighter
  1419 | D        | Noticed a deep elf knight
  1423 | D        | Killed a deep elf fighter
  1425 | D        | Killed a deep elf knight
  1441 | D        | Noticed a yaktaur
  1444 | D        | Noticed a brain worm
  1449 | D        | Killed a yaktaur
  1449 | D        | Reached XP level 11. HP: 60/93 MP: 27/27
  1450 | D        | Killed a brain worm
  1588 | D        | Noticed a centaur
  1588 | D        | Noticed a fire drake
  1588 | D        | Noticed a demonic crawler
  1591 | D        | Killed a centaur
  1594 | D        | Killed a fire drake
  1594 | D        | Killed a demonic crawler
  1698 | D        | Noticed a mummy priest
  1698 | D        | Noticed a deep elf annihilator
  1699 | D        | Noticed a deep elf sorcerer
  1700 | D        | Noticed a green draconian zealot
  1707 | D        | Killed a deep elf sorcerer
  1707 | D        | Reached skill level 14 in Invocations
  1708 | D        | Killed a mummy priest
  1709 | D        | Noticed a soul eater
  1713 | D        | Killed a ghost moth
  1715 | D        | Noticed an ice devil
  1715 | D        | Killed a deep elf annihilator
  1715 | D        | Killed a soul eater
  1720 | D        | Noticed a flayed ghost
  1720 | D        | Killed an ice devil
  1722 | D        | Killed a flayed ghost
  1724 | D        | Killed a green draconian zealot
  1727 | D        | Noticed a flayed ghost
  1729 | D        | Killed a flayed ghost
  1732 | D        | Killed a vampire mage
  1784 | D        | Noticed a pale draconian
  1797 | D        | Killed a pale draconian
  2052 | D        | Noticed a Brimstone Fiend
  2059 | D        | Killed a Brimstone Fiend
  2059 | D        | Reached skill level 15 in Invocations
  2300 | D        | Noticed a storm dragon
  2300 | D        | Noticed a fire dragon
  2300 | D        | Noticed a death ooze
  2300 | D        | Noticed a wizard
  2301 | D        | Noticed a four-headed hydra
  2304 | D        | Noticed an iron devil
  2306 | D        | Killed a storm dragon
  2308 | D        | Killed a wizard
  2312 | D        | Killed a fire dragon
  2313 | D        | Noticed an iron troll
  2327 | D        | Killed a four-headed hydra
  2327 | D        | Reached XP level 12. HP: 54/103 MP: 29/29
  2329 | D        | Noticed Ilsuiw
  2338 | D        | Noticed a skeletal warrior
  2338 | D        | Noticed a skeletal warrior
  2338 | D        | Noticed a skeletal warrior
  2339 | D        | Noticed a white draconian
  2339 | D        | Killed from afar by Ilsuiw

Action                   |  1- 3 |  4- 6 |  7- 9 | 10-12 || total
-------------------------+-------+-------+-------+-------++-------
Melee: Mace              |    43 |     2 |       |       ||    45
       Flail             |     5 |    28 |    44 |       ||    77
       Morningstar       |       |       |    40 |   121 ||   161
Invok: Lesser Servant of |       |     1 |       |       ||     1
       Greater Servant o |       |     1 |     3 |     7 ||    11
Evoke: Stone of tremors  |       |       |       |     1 ||     1
  Use: Potion            |       |     1 |     1 |     3 ||     5
       Scroll            |       |       |       |     2 ||     2
 Stab: Distracted        |       |       |       |     3 ||     3
  Eat: Chunk             |       |       |     2 |     2 ||     4
       Meat ration       |       |       |       |     1 ||     1
